 Dungeon Crawl Stone Soup version 0.24.0-1-gfbc8707 (webtiles) character file.

Game seed: 11411667098254906781, levelgen mode: deterministic

72 smeego the Firebug (level 4, -7/41 HPs)
             Began as an Ogre Fire Elementalist on Nov 3, 2019.
             Mangled by a centaur (9 damage)
             ... on level 5 of the Dungeon.
             The game lasted 00:02:36 (1284 turns).

smeego the Firebug (Ogre Fire Elementalist)         Turns: 1284, Time: 00:02:37

Health: -7/41      AC:  3    Str: 12    XL:     4   Next: 26%
Magic:  0/8        EV: 10    Int: 17    God:
Gold:   27         SH:  0    Dex:  9    Spells: 2/9 levels left

rFire    . . .     SeeInvis .   g - +1 battleaxe
rCold    . . .     Gourm    .   (shield currently unavailable)
rNeg     . . .     Faith    .   a - +0 robe
rPois    .         Spirit   .   (helmet restricted)
rElec    .         Reflect  .   (no cloak)
rCorr    .         Harm     .   (gloves unavailable)
MR       .....                  (boots unavailable)
Stlth    +.........             (no amulet)
HPRegen  0.13/turn              (no ring)
MPRegen  0.11/turn              (no ring)

@: very slightly contaminated
A: large, unfitting armour, tough skin 1
a: no special abilities


You were on level 5 of the Dungeon.
You were near starving.

You visited 1 branch of the dungeon, and saw 5 of its levels.

You collected 27 gold pieces.

Inventory:

Hand Weapons
 g - a +1 battleaxe (weapon)
Armour
 a - a +0 robe (worn)
Wands
 e - a wand of acid (5)
Comestibles
 c - 4 rations


   Skills:
 + Level 1.4 Fighting
 - Level 1.7 Dodging
 - Level 1.4 Stealth
 + Level 3.0 Spellcasting
 * Level 2.1 Conjurations
 * Level 3.4 Fire Magic


You had 2 spell levels left.
You knew the following spells:

 Your Spells              Type           Power        Failure   Level  Hunger
a - Flame Tongue          Conj/Fire      ##...        5%          1    None
b - Throw Flame           Conj/Fire      ##....       9%          2    ##.....
c - Sticky Flame          Conj/Fire      ##......     50%         4    ####...

Your spell library contained the following spells:

 Spells                   Type           Power        Failure   Level  Hunger
 Conjure Flame            Conj/Fire      ##......     17%         3    ###....
 Inner Flame              Hex/Fire       #.......     26%         3    ###....
 Fireball                 Conj/Fire      ##........   83%         5    ######.


Dungeon Overview and Level Annotations

Branches:
Dungeon (5/15)
 Temple: D:4-7

Altars:
Okawaru

Annotations:
D:4 Blork the orc


Innate Abilities, Weirdness & Mutations

You are too large for most types of armour.
You have tough skin. (AC +1)


Message History

You hear a sizzling sound.
The centaur unwields a +0 shortbow.
The centaur barely misses you.
Casting: Sticky Flame (very dangerous; 50% risk of failure)
Confirm with . or Enter, or press ? or * to list all spells.
The spell is very dangerous to cast (50% risk of failure)!
Continue anyway?
Okay, then.
Casting: Sticky Flame (very dangerous; 50% risk of failure)
Confirm with . or Enter, or press ? or * to list all spells.
The spell is very dangerous to cast (50% risk of failure)!
Continue anyway?
Aiming: Sticky Flame (very dangerous; 50% risk of failure)
Press: ? - help, Shift-Dir - straight line, f/p - centaur
Aim: a centaur The sticky flame hits the centaur.
The centaur is moderately wounded.
The centaur is covered in liquid flames!
You are near starving!
The centaur burns!
The centaur hits you.
* * * LOW HITPOINT WARNING * * *
The centaur hits you!
You die...

#.# #c# #.# #.# #(# #(#
#.# ###########(#
#........@c.#
#.#########.# #§# #.# #§#
#.# #§# ### #§# #§#
#.########################
#.........................


You could see a centaur (burning).

Vanquished Creatures
  2 orc wizards (D:4)
  A dart slug (D:1)
  A leopard gecko (D:2)
  3 orcs
  A bat (D:3)
  2 hobgoblins (D:3)
  A frilled lizard (D:3)
  A kobold (D:3)
  A leopard gecko skeleton (D:4)
  A quokka zombie (D:5)
  3 rats
17 creatures vanquished.

Notes
Turn   | Place    | Note
-------+----------+-------------------------------------------
     0 | D:1      | smeego the Ogre Fire Elementalist began the quest for the
                  | Orb.
     0 | D:1      | Reached XP level 1. HP: 16/16 MP: 3/3
    14 | D:1      | Reached skill level 1 in Conjurations
   292 | D:2      | You fall into a shaft and drop 1 floor!
   295 | D:3      | Reached XP level 2. HP: 24/24 MP: 3/5
   336 | D:3      | Found an iron altar of Okawaru.
   352 | D:4      | Noticed a scorpion
   695 | D:3      | Learned a level 2 spell: Throw Flame
   786 | D:4      | Reached skill level 1 in Fighting
   786 | D:4      | Reached XP level 3. HP: 4/33 MP: 4/7
   790 | D:4      | Reached XP level 4. HP: 4/41 MP: 0/8
  1058 | D:4      | Learned a level 4 spell: Sticky Flame
  1182 | D:4      | Noticed Blork the orc
  1192 | D:5      | Entered Level 5 of the Dungeon
  1268 | D:5      | Noticed a centaur
  1277 | D:5      | HP: 2/41 [centaur/arrow (13)]
  1284 | D:5      | HP: 2/41 [centaur (1)]
  1284 | D:5      | Mangled by a centaur

Levels and vault maps discovered:
D:1:      ncdulo_watergridlock, layout_basic, chequers_serial_rivers_large_a,
          minmay_bisected
D:2:      layout_basic, lemuel_zombie_altar_yredelemnul,
          chequers_ecumenical_altar_simple_redux, uniq_terence, uniq_jessica
D:3:      kennysheep_the_goblin_king, layout_basic, okawaru_metal_pillars_3,
          uniq_crazy_yiuf_cottage
D:4:      layout_basic, first_ration, uniq_blork_the_orc, uniq_duvessa
D:5:      lemuel_ice_spiral_2, layout_basic, marbit_many_paths, serial_shops,
          shop, uniq_grinder

Skill      XL: |  1  2  3 |
---------------+----------+-----
Conjurations   | 1 2 |  2.1
Fire Magic     | 3 |  3.4
Fighting       | 1 |  1.4
Spellcasting   | 3 |  3.0
Dodging        | |  1.7
Stealth        | |  1.4

Action                   |  1- 3 |  4- 6 || total
-------------------------+-------+-------++-------
Melee: Unarmed           |    21 |       ||    21
       Battleaxe         |     2 |    10 ||    12
 Cast: Flame Tongue      |    20 |     2 ||    22
       Sticky Flame      |       |     1 ||     1
Evoke: Wand              |     1 |       ||     1
  Use: Potion            |     1 |       ||     1
       Scroll            |       |     2 ||     2
Armor: Robe              |     3 |     2 ||     5
Dodge: Dodged            |    10 |    11 ||    21
